Map: Newkirk Precinct TE (Void)

Players

Loken - Winner!

  • Race: Protoss Protoss
  • League: Platinum
  • Spawn Location: 5:00

Pelden

  • Race: Zerg Zerg
  • Spawn Location: 7:00

VOD

Have the link to the VOD?

Description

Time

  • Played on: April 7, 2017, 4:37 p.m.
  • Length: 8:58
Show
View Real Time Build Order
Export as new Build Order

Loken Protoss - Winner!

Build Orders:  

Get SALT Encoding   

  12  0:01  Probe (Chrono Boost)  
  13  0:11  Probe (Chrono Boost)  
  14  0:24  Probe (Chrono Boost)  
  14  0:25  Pylon  
  15  0:43  Probe (Chrono Boost)  
  15  0:44  Gateway  
  16  0:52  Gateway  
  16  0:55  Probe (Chrono Boost)  
  17  1:06  Assimilator, Probe (Chrono Boost)  
  18  1:13  Pylon  
  18  1:35  Cybernetics Core  
  18  1:51  Nexus  
  18  1:53  Probe (Chrono Boost)  
  19  2:00  Zealot  
  21  2:06  Probe (Chrono Boost)  
  22  2:12  Zealot  
  24  2:15  Warp Gate  
  24  2:19  Probe (Chrono Boost)  
  25  2:29  Pylon  
  25  2:45  Assimilator  
  25  2:47  Mothership Core (Chrono Boost)  
  25  2:51  Assimilator  
  27  2:55  Assimilator  
  27  3:04  Probe (Chrono Boost)  
  28  3:06  Probe (Chrono Boost)  
  28  3:09  Stalker  
  31  3:15  Probe (Chrono Boost)  
  31  3:19  Probe (Chrono Boost)  
  33  3:28  Probe (Chrono Boost)  
  33  3:30  Probe (Chrono Boost)  
  35  3:39  Probe (Chrono Boost)  
  36  3:47  Probe (Chrono Boost)  
  37  3:50  Probe (Chrono Boost)  
  37  3:54  Stargate  
  38  3:57  Probe (Chrono Boost)  
  38  4:00  Probe (Chrono Boost)  
  40  4:08  Probe (Chrono Boost)  
  41  4:11  Gateway, Probe (Chrono Boost)  
  41  4:13  Gateway  
  42  4:18  Pylon, Probe (Chrono Boost)  
  42  4:21  Probe (Chrono Boost)  
  44  4:29  Probe (Chrono Boost)  
  45  4:32  Probe (Chrono Boost)  
  45  4:36  Pylon  
  46  4:38  Oracle  
  49  4:46  Stalker  
  49  4:47  Stalker  
  54  4:52  Probe (Chrono Boost)  
  54  4:54  Probe (Chrono Boost)  
  55  5:03  Probe (Chrono Boost)  
  55  5:06  Robotics Facility  
  56  5:10  Pylon  
  56  5:13  Probe x2 (Chrono Boost)  
  58  5:23  Probe (Chrono Boost)  
  58  5:24  Void Ray  
  63  5:29  Sentry x3  
  69  6:00  Immortal  
  73  6:07  Void Ray  
  77  6:19  Pylon  
  77  6:20  Pylon  
  77  6:32  Pylon  
  77  6:39  Immortal  
  81  6:41  Pylon  
  81  6:48  Stargate  
  81  6:50  Void Ray  
  85  6:56  Gateway  
  85  6:57  Gateway  
  85  7:02  Stalker x4  
  93  7:21  Fleet Beacon  
  93  7:29  Immortal  
  97  7:31  Void Ray  
  97  7:33  Void Ray  
  105  7:42  Stalker  
  105  7:43  Stalker  
  109  7:45  Zealot x2  
  81  8:16  Stalker x2  
  81  8:17  Stalker x2  
  86  8:27  Observer  
  92  8:35  Pylon  
  92  8:38  Pylon  
Show
View Real Time Build Order
Export as new Build Order

Pelden Zerg 

Build Orders: Hatch First 

Get SALT Encoding   

  12  0:01  Drone  
  13  0:13  Overlord  
  13  0:18  Drone  
  14  0:31  Drone x2  
  16  0:39  Drone  
  17  0:46  Drone  
  18  0:58  Hatchery  
  18  1:00  Drone  
  18  1:11  Drone  
  19  1:17  Spawning Pool  
  18  1:21  Drone  
  19  1:28  Overlord  
  19  1:39  Drone  
  20  1:47  Extractor  
  20  1:52  Drone  
  20  2:03  Queen  
  22  2:11  Drone  
  22  2:13  Queen  
  22  2:15  Drone  
  26  2:18  Drone  
  26  2:20  Drone  
  26  2:22  Drone  
  29  2:34  Zergling x2  
  29  2:36  Zergling x2  
  31  2:54  Drone  
  31  2:55  Drone, Roach Warren  
  32  3:00  Hatchery  
  32  3:01  Drone  
  32  3:02  Drone  
  32  3:05  Overlord  
  33  3:06  Overlord  
  33  3:13  Drone x3, Extractor  
  33  3:17  Drone  
  36  3:24  Drone  
  37  3:29  Drone  
  37  3:31  Lair  
  37  3:44  Roach  
  39  3:56  Drone  
  39  4:02  Drone  
  41  4:04  Drone x2  
  41  4:09  Extractor  
  42  4:15  Overlord x2  
  42  4:16  Roach x5  
  52  4:27  Queen  
  52  4:28  Drone  
  55  4:31  Spine Crawler  
  55  4:33  Overseer  
  54  4:44  Roach x3, Drone  
  54  4:45  Drone  
  62  4:50  Drone x3  
  65  4:53  Glial Reconstitution, Evolution Chamber  
  65  4:55  Drone  
  65  4:56  Roach  
  65  4:59  Drone  
  68  5:06  Drone  
  68  5:07  Extractor  
  68  5:10  Drone x2  
  68  5:11  Drone  
  68  5:12  Drone  
  72  5:21  Spore Crawler  
  72  5:23  Drone  
  72  5:25  Drone  
  72  5:28  Overlord x3  
  73  5:33  Drone  
  74  5:39  Zerg Missile Weapons Level 1  
  74  5:42  Overlord  
  71  5:55  Roach x5  
  69  6:15  Drone x4  
  73  6:19  Roach x5  
  73  6:21  Roach  
  73  6:22  Roach x5  
  95  6:27  Drone  
  96  6:33  Drone  
  96  6:35  Spore Crawler  
  96  6:39  Drone  
  97  6:48  Roach x4  
  97  6:51  Overlord x3  
  105  6:57  Drone  
  106  7:01  Extractor  
  106  7:02  Drone  
  106  7:08  Overlord  
  106  7:09  Spore Crawler  
  105  7:19  Roach x7  
  119  7:37  Drone  
  120  7:38  Drone x3, Overlord x2  
  121  7:48  Drone x3  
  121  7:49  Drone  
  69  8:15  Roach  
  69  8:16  Roach  
  59  8:21  Drone x3, Hydralisk Den  
  59  8:24  Hatchery, Drone  
  59  8:26  Drone  
  60  8:31  Drone x3  
  63  8:38  Drone  
Tags
 
Add a new tag
Caveats
  • Supply blocks, unpowered buildings, or Contaminate may cause inaccurate times.
  • Supply counts are checked every 10 seconds.